 Dungeon Crawl Stone Soup version 0.30.0-5-g1a98f26d00 (webtiles) character file.

Game seed: 6800349772666352458

114 olmar the Trooper (level 4, -2/40 HPs)
             Began as a Ghoul Monk on May 10, 2023.
             Slain by an orc priest
             ... wielding a +0 trident
              (7 damage)
             ... on level 3 of the Dungeon.
             The game lasted 00:02:55 (1685 turns).

olmar the Trooper (Ghoul Monk)                      Turns: 1685, Time: 00:02:56

Health: -2/40      AC:  3    Str: 16    XL:     4   Next: 97%
Magic:  3/3        EV: 12    Int:  5    God:
Gold:   84         SH:  0    Dex: 11    Spells: 3/3 levels left

rFire   . . .        i - +1 whip (freeze)
rCold   + . .        c - orb {light}
rNeg    + + +        a - +0 robe
rPois   ∞            f - +0 helmet
rElec   .            (no cloak)
rCorr   .            (no gloves)
SInv    .            (no boots)
Will    .....        s - amulet of regeneration
Stlth   +            (no ring)
HPRegen 0.00/turn    (no ring)
MPRegen 0.08/turn

%: no passive effects
@: inhibited regen, glowing
A: claws 1, cold resistance 1, negative energy resistance 3, inhibited
regeneration, torment resistance 2, devour on kill
a: no special abilities


You were on level 3 of the Dungeon.
You visited 1 branch of the dungeon, and saw 3 of its levels.

You collected 84 gold pieces.

Inventory:

Hand Weapons
 i - a +1 whip of freezing (weapon)
Armour
 a - a +0 robe (worn)
 c - an orb of light (worn)
 f - a +0 helmet (worn)
 v - a +0 chain mail
Jewellery
 s - an amulet of regeneration (around neck)
Scrolls
 e - 4 scrolls of noise {unknown}
 g - a scroll of brand weapon {unknown}
 h - 2 scrolls of identify {unknown}
 j - 2 scrolls of amnesia {unknown}
 k - a scroll of acquirement {unknown}
 l - a scroll of teleportation {unknown}
 p - 2 scrolls of enchant weapon {unknown}
 t - a scroll of immolation {unknown}
 u - 2 scrolls of silence {unknown}
Potions
 b - a potion of ambrosia
 d - 2 potions of curing {unknown}
 m - a potion of resistance {unknown}
 n - a potion of haste {unknown}
 o - a potion of cancellation {unknown}
 q - a potion of mutation {unknown}
 r - a potion of lignification {unknown}


   Skills:
 + Level 4.1 Fighting
 + Level 1.7 Maces & Flails
 + Level 3.6 Dodging
 - Level 0.4 Stealth
 - Level 3.7 Unarmed Combat


You had 3 spell levels left.
You didn't know any spells.
Your spell library contained the following spells:

 Spells                   Type           Power      Damage    Failure   Level
 Static Discharge         Conj/Air       0%         2-2/arc   63%         2
 Airstrike                Air            0%         2d(0-16)  99%         4
 Summon Lightning Spire   Summ/Air       0%         N/A       99%         4


Dungeon Overview and Level Annotations

Branches:
Dungeon (3/15)

Altars:


Innate Abilities, Weirdness & Mutations

You are immune to poison.
You have sharp fingernails.
Your flesh is cold resistant. (rC+)
You are immune to negative energy. (rN+++)
You do not regenerate when monsters are visible.
You are immune to unholy pain and torment.
You thrive by killing the living.


Message History

The orc priest hits you from afar with a +0 trident.
The orc barely misses you.
You hit the orc. You freeze the orc.
The orc is heavily wounded.
The orc completely misses you.
Unknown command.
You hit the orc. You freeze the orc.
The orc is almost dead.
The orc hits you with a +0 falchion.
Unknown command.
You hit the orc. You freeze the orc.
You kill the orc!
You feel better.
You hit the orc. You freeze the orc.
You kill the orc!
You feel better.
The orc priest hits you from afar with a +0 trident.
Unknown command.
Unknown command.
You hit the orc. You freeze the orc.
The orc is moderately wounded.
The orc barely misses you.
The orc priest hits you from afar with a +0 trident.
You hit the orc. You freeze the orc.
The orc is almost dead.
The orc priest hits you from afar with a +0 trident.
The orc hits you with a +0 short sword.
Unknown command.
Unknown command.
You barely miss the orc.
The orc is almost dead.
The orc priest invokes the aid of Beogh against you.
Beogh smites you!
* * * LOW HITPOINT WARNING * * *
The orc hits you with a +0 short sword.
* * * LOW HITPOINT WARNING * * *
The orc hits you with a +0 short sword.
* * * LOW HITPOINT WARNING * * *
The orc priest hits you from afar with a +0 trident!
You die...

#######
#.....#
#######.###.#
#.......# #.#
#.#####.###.#
#.#
#.....########
#.#
##........@o.#
#.#
##.########o#
#.######### .#
......... o#
#.####### o#
....... oo
....### ##
#.#.# #...#


You could see an orc priest and an orc.

Vanquished Creatures
  5 gnolls
  An adder (D:2)
  A worm (D:2)
  A dart slug (D:2)
  2 orcs (D:3)
  6 endoplasms
  2 giant cockroaches
  6 goblins (D:1)
  6 hobgoblins
  5 kobolds
  A ball python (D:2)
  7 bats
  3 frilled lizards (D:1)
  2 rats (D:2)
48 creatures vanquished.

Notes
Turn   | Place    | Note
-------+----------+-------------------------------------------
     0 | D:1      | olmar the Ghoul Monk began the quest for the Orb.
     0 | D:1      | Reached XP level 1. HP: 19/19 MP: 0/0
   119 | D:1      | Reached XP level 2. HP: 26/26 MP: 1/1
   378 | D:1      | Reached XP level 3. HP: 31/33 MP: 2/2
  1154 | D:2      | Reached skill level 4 in Fighting
  1154 | D:2      | Reached XP level 4. HP: 40/40 MP: 3/3
  1534 | D:2      | Reached skill level 1 in Maces & Flails
  1685 | D:3      | Slain by an orc priest

Illustrated notes

Levels and vault maps discovered:
D:1:      dpeg_arrival_shrine, layout_basic, reono_crystal_passage,
          serial_bayou_pond_e
D:2:      layout_loops_ring
D:3:      layout_loops_ring, tgw_sif, roderic_st_hans_cross

Skill      XL: |  1  2  3  4 |
---------------+-------------+-----
Dodging        | 3 |  3.6
Fighting       | 4 |  4.1
Maces & Flails | 1 |  1.7
Stealth        | |  0.4
Unarmed Combat | |  3.7

Action                     |  1- 3 |  4- 6 || total
---------------------------+-------+-------++-------
  Melee: Unarmed           |    26 |       ||    26
         Whip              |    66 |    49 ||   115
 Armour: Robe              |    35 |    10 ||    45
  Dodge: Dodged            |    39 |    34 ||    73
